 Dungeon Crawl Stone Soup version 0.30-a0-50-gb2d611f6b1 (webtiles) character file.

Game seed: 16602925235037386751

49 porpoise the Poker (level 3, 0/29 HPs)
             Began as a Demonspawn Gladiator on Sept 4, 2022.
             Slain by a goblin
             ... wielding a +0 dagger
             ... led by Robin
              (4 damage)
             ... on level 2 of the Dungeon.
             The game lasted 00:03:04 (691 turns).

porpoise the Poker (Demonspawn Gladiator)            Turns: 691, Time: 00:03:04

Health: 0/29       AC:  7    Str: 16    XL:     3   Next: 51%
Magic:  3/3        EV: 16    Int:  9    God:
Gold:   66         SH:  4    Dex: 14    Spells: 2/2 levels left

rFire   . . .      SeeInvis .    a - +0 trident
rCold   . . .      Faith    .    (no shield)
rNeg    . . .      Spirit   .    g - +0 ring mail
rPois   .          Reflect  .    c - +0 helmet
rElec   .          Harm     .    f - +0 cloak
rCorr   .          Rampage  .    (no gloves)
Will    .....                    (no boots)
Stlth   +.........               (no amulet)
HPRegen 0.09/turn                (no ring)
MPRegen 0.08/turn                (no ring)

@: agile
A: powered by pain 1, condensation shield
a: no special abilities


You were on level 2 of the Dungeon.
You visited 1 branch of the dungeon, and saw 2 of its levels.

You collected 66 gold pieces.

Inventory:

Hand Weapons
 a - a +0 trident (weapon)
Missiles
 d - 3 throwing nets (quivered)
 e - a javelin
Armour
 c - a +0 helmet (worn)
 f - a +0 cloak (worn)
 g - a +0 ring mail (worn)
 j - an orb of wrath
Magical Staves
 k - a staff of poison
Scrolls
 h - 2 scrolls of identify {unknown}
 l - 2 scrolls of teleportation {unknown}
 o - a scroll of magic mapping {unknown}
Potions
 b - 2 potions of heal wounds {unknown}
 i - a potion of curing
 m - a potion of cancellation {unknown}
 n - a potion of attraction {unknown}


   Skills:
 + Level 3.1 Fighting
 + Level 3.5 Polearms
 - Level 1.7 Throwing
 - Level 2.6 Dodging


You had 2 spell levels left.
You didn't know any spells.
Your spell library was empty.

Dungeon Overview and Level Annotations

Branches:
Dungeon (2/15)

Altars:


Innate Abilities, Weirdness & Mutations

You sometimes gain a little power by taking damage.
A meltable shield of frost defends you. (SH +4)


Message History

You kill Robin!
The goblin no longer looks unusually strong. x2
A goblin comes into view. It is wielding a +0 spear.
The goblin hits you but does no damage.
Your Fighting skill increases to level 3!
Unknown command.
You puncture the goblin!
You kill the goblin!
A goblin comes into view. It is wielding a +0 club.
The goblin hits you from afar with a +0 spear!
You completely miss the hobgoblin.
The goblin shouts!
The hobgoblin hits you.
The goblin hits you from afar with a +0 spear.
You hit the hobgoblin.
The hobgoblin is lightly wounded.
You block the goblin's attack. The hobgoblin hits you.
* * * LOW HITPOINT WARNING * * *
It was a potion of curing.
You feel better.
The hobgoblin no longer looks unusually strong. x2
The hobgoblin misses you. You block the goblin's attack.
You hit the hobgoblin.
The hobgoblin is moderately wounded.
The hobgoblin closely misses you. You block the goblin's attack.
You hit the hobgoblin.
You kill the hobgoblin!
The goblin no longer looks unusually strong.
The goblin misses you.
You hit the hobgoblin.
You kill the hobgoblin!
The goblin hits you from afar with a +0 spear.
The goblin unwields a +3 dagger of venom.
It stops dripping with poison.
The goblin wields a +0 sling.
The goblin shoots a sling bullet.
The sling bullet misses you.
The goblin hits you from afar with a +0 spear.
* * * LOW HITPOINT WARNING * * *
You focus on the pain.
You feel agile all of a sudden.
You barely miss the goblin. The goblin hits you with a +0 dagger.
You die...

#<# #..###..# # #.#
#..#....##.##.##
#.###..#.##)........
#...........<..##..#
#####...............
#.##.####......
#.##.# ...#.#
#.##†####..## #
#.....)@ggg.#
####.####g..# #.#
...# #.# ..## #.#
..g #.. .).. ###
#.### .#


You could see 4 goblins.

Vanquished Creatures
  Robin (D:2)
  An adder (D:2)
  5 endoplasms (D:1)
  2 giant cockroaches
  5 hobgoblins
  A ball python (D:1)
  A frilled lizard (D:1)
  7 goblins
  2 kobolds
  A rat (D:1)
26 creatures vanquished.

Notes
Turn   | Place    | Note
-------+----------+-------------------------------------------
     0 | D:1      | porpoise the Demonspawn Gladiator began the quest for the
                  | Orb.
     0 | D:1      | Reached XP level 1. HP: 16/16 MP: 1/1
   299 | D:1      | Gained mutation: A meltable shield of frost defends you.
                  | (SH +4) [demonic ancestry]
   299 | D:1      | Reached XP level 2. HP: 19/23 MP: 2/2
   634 | D:2      | Found a faded altar of an unknown god.
   657 | D:2      | Gained mutation: You sometimes gain a little power by
                  | taking damage. [demonic ancestry]
   657 | D:2      | Reached XP level 3. HP: 28/28 MP: 3/3
   667 | D:2      | Noticed Robin
   683 | D:2      | Killed Robin
   691 | D:2      | Slain by a goblin

Illustrated notes

Levels and vault maps discovered:
D:1:      amcnicky_arrival_flooded_fountain, layout_basic,
          hangedman_abyss_or_decor_stabs, minmay_pentomino_s2
D:2:      layout_loops_ring, chequers_ecumenical_altar_simple_redux,
          minmay_between, uniq_terence, uniq_robin, uniq_natasha

Skill      XL: |  1  2  3 |
---------------+----------+-----
Polearms       | 3 |  3.5
Fighting       | 3 |  3.1
Throwing       | |  1.7
Dodging        | |  2.6

Action                   || total
-------------------------++-------
Melee: Trident           ||    81
  Use: Potion            ||     1
 Stab: Sleeping          ||     1
Armor: Ring mail         ||    24
Dodge: Dodged            ||    24
Block: Other             ||    10

Table legend: (Time is in decaauts)
 A = Elapsed time spent in this place.
 B = Non-inter-level travel time spent in this place.
 C = Inter-level travel time spent in this place.
 D = Time resting spent in this place.
 E = Time spent auto-exploring this place.
 F = Levels seen in this place.
 G = Mean time per level.
                   A        B        C        D        E       F      G
               +--------+--------+--------+--------+--------+-----+--------+
         Total |    702 |    693 |      9 |    119 |    361 |   2 |  351.0 |
       Dungeon |    702 |    693 |      9 |    119 |    361 |   2 |  351.0 |
               +--------+--------+--------+--------+--------+-----+--------+

Top non-repeatable levels by time:
     D:1: 628 daAuts
     D:2: 73 daAuts
